 Dungeon Crawl Stone Soup version 0.31-a0-865-g3d5d91748a (webtiles) character file.

Game seed: 15486428763051345259

122 Darius099 the Chopper (level 4, 0/39 HPs)
             Began as a Minotaur Fighter on Oct 11, 2023.
             Killed from afar by Sigmund (3 damage)
             ... with a magic dart
             ... on level 3 of the Dungeon.
             The game lasted 00:06:01 (1693 turns).

Darius099 the Chopper (Minotaur Fighter)            Turns: 1693, Time: 00:06:03

Health: 0/39       AC:  9    Str: 22    XL:     4   Next: 78%
Magic:  3/3        EV:  8    Int:  5    God:
Gold:   34         SH:  4    Dex: 10    Spells: 3/3 levels left

rFire   . . .        a - +0 war axe
rCold   . . .        c - +0 buckler
rNeg    . . .        j - +0 chain mail
rPois   .            (helmet restricted)
rElec   .            (no cloak)
rCorr   .            (no gloves)
SInv    .            (no boots)
Will    .....        (no amulet) Stlth
                     (no ring)
HPRegen 0.26/turn    (no ring)
MPRegen 0.08/turn

%: no passive effects
@: lethally poisoned (0 -> -8)
A: horns 2, retaliatory headbutt
a: no special abilities


You were on level 3 of the Dungeon.
You visited 1 branch of the dungeon, and saw 3 of its levels.

You collected 34 gold pieces.

Inventory:

Hand Weapons
 a - a +0 war axe (weapon)
Armour
 c - a +0 buckler (worn)
 j - a +0 chain mail (worn)
Jewellery
 k - an amulet of guardian spirit
Scrolls
 f - a scroll of blinking {unknown}
 h - a scroll of torment {unknown}
 i - a scroll of identify {unknown}
Potions
 b - 3 potions of heal wounds {unknown}
 d - a potion of might
 e - 2 potions of curing {unknown}
 g - a potion of ambrosia {unknown}


   Skills:
 - Level 3.6 Fighting
 + Level 6.1 Axes
 - Level 3.6 Armour
 - Level 3.6 Shields


You had 3 spell levels left.
You didn't know any spells.
Your spell library contained the following spells:

 Spells                   Type           Power      Damage    Failure   Level
 Apportation              Tloc           0%         N/A       99%         1
 Necrotise                Necr           0%         1d4       99%         1
 Summon Small Mammal      Summ           0%         N/A       99%         1


Dungeon Overview and Level Annotations

Branches:
Dungeon (3/15)

Altars:

Shops:
D:2 :**[:

Annotations:
D:3 Sigmund


Innate Abilities, Weirdness & Mutations

You have a pair of horns on your head.
You reflexively headbutt those who attack you in melee.


Message History

Found 12 gold pieces.
The goblin shouts!
The goblin shoots a sling bullet.
You block the sling bullet.
The goblin shoots a sling bullet.
The sling bullet hits you but does no damage.
The goblin shoots a sling bullet.
The sling bullet hits you.
The goblin shoots a sling bullet.
The sling bullet barely misses you.
A goblin is nearby!
The goblin shoots a sling bullet.
The sling bullet hits you.
The goblin shoots a sling bullet.
The sling bullet barely misses you.
Found a knobbly marble ring.
The goblin shoots a sling bullet.
The sling bullet hits you.
The goblin shoots a sling bullet.
You block the sling bullet.
You see here a ring of ice.
Sigmund the Dreaded comes into view.
He is wielding a +0 scythe of venom.
Sigmund shouts!
Sigmund gestures wildly while chanting.
Sigmund flickers and vanishes!
Deactivating autopickup; reactivate with Ctrl-A.
Something hits you!
You closely miss something. Your headbutt misses something. Something hits you!
You are poisoned.
You slash something!
You feel very sick. Something hits you but does no damage.
You miss something. Your headbutt misses something.
You feel very sick. Something hits you!
* * * LOW HITPOINT WARNING * * *
You are lethally poisoned!
You slash something! You headbutt something.
* * * LOW HITPOINT WARNING * * *
You feel very sick.
You closely miss something. Your headbutt misses something.
* * * LOW HITPOINT WARNING * * *
You feel very sick.
You hear some strange, mumbled words.
A magic dart appears from out of thin air!
The magic dart hits you.
You die...

###. ...
... ..###
#... #..
#{# #@#
.# #.#
#.# ####
#.# #.#
.... #.#
#.# ...#
#.# #.#
...# #.#
#.#....#
#.#
#.#....##
#.#
.........
#.####


There were no monsters in sight!

Vanquished Creatures
  Robin (D:2)
  6 adders (D:2)
  A worm (D:2)
  A dart slug (D:1)
  2 ball pythons (D:1)
  7 endoplasms
  A giant cockroach (D:1)
  10 goblins (D:2)
  7 hobgoblins
  7 quokkas
  A bat (D:1)
  4 frilled lizards
  2 kobolds
  4 rats
54 creatures vanquished.

Notes
Turn   | Place    | Note
-------+----------+-------------------------------------------
     0 | D:1      | Darius099 the Minotaur Fighter began the quest for the Orb.
     0 | D:1      | Reached XP level 1. HP: 19/19 MP: 0/0
    32 | D:1      | Reached skill level 3 in Axes
    78 | D:1      | Reached XP level 2. HP: 22/26 MP: 1/1
   196 | D:1      | Found a faded altar of an unknown god.
   661 | D:2      | Reached skill level 4 in Axes
   701 | D:2      | Found Mihonix's General Store.
   767 | D:2      | Reached XP level 3. HP: 31/31 MP: 2/2
   866 | D:2      | Found Effuc's General Store.
   886 | D:2      | Reached skill level 5 in Axes
   894 | D:2      | Reached XP level 4. HP: 36/39 MP: 3/3
  1098 | D:2      | Found Fesmoidd's Book Shop.
  1323 | D:2      | Found Qoecumukk's Book Shop.
  1324 | D:2      | Noticed Robin
  1344 | D:2      | Killed Robin
  1345 | D:2      | Reached skill level 6 in Axes
  1461 | D:2      | Found Quipt's Armour Shop.
  1684 | D:3      | Noticed Sigmund
  1693 | D:3      | Killed from afar by Sigmund

Illustrated notes

Levels and vault maps discovered:
D:1:      lightli_arrival_maybe_door_vault, layout_rooms,
          hellmonk_ecumenical_altar_zigzags, roderic_lattice_a
D:2:      layout_loops_ring, serial_shops,
          nicolae_shop_competitors_out_of_business,
          nicolae_shop_advertising_works [nicolae_subvault_shop_adworks],
          shop_fountains, nicolae_shop_hallway_plus,
          nicolae_shop_just_a_little_nook, uniq_robin
D:3:      kennysheep_goblin_castle, layout_basic, serial_shops, shop,
          nicolae_shop_hallway_plus, minmay_quadrilaterals, uniq_sigmund

Skill      XL: |  1  2  3  4 |
---------------+-------------+-----
Axes           | 3 4 5 6 |  6.1
Fighting       | |  3.6
Armour         | |  3.6
Shields        | |  3.6

Action                     |  1- 3 |  4- 6 || total
---------------------------+-------+-------++-------
  Melee: War axe           |    62 |    36 ||    98
         Headbutt          |     8 |     7 ||    15
 Armour: Scale mail        |    22 |       ||    22
         Chain mail        |    21 |    44 ||    65
  Dodge: Dodged            |    24 |    20 ||    44
  Block: Buckler           |    16 |     8 ||    24

Table legend: (Time is in decaauts)
 A = Elapsed time spent in this place.
 B = Non-inter-level travel time spent in this place.
 C = Inter-level travel time spent in this place.
 D = Time resting spent in this place.
 E = Time spent auto-exploring this place.
 F = Levels seen in this place.
 G = Mean time per level.
                   A        B        C        D        E       F      G
               +--------+--------+--------+--------+--------+-----+--------+
         Total |   1721 |   1619 |    102 |      0 |   1141 |   3 |  573.7 |
       Dungeon |   1721 |   1619 |    102 |      0 |   1141 |   3 |  573.7 |
               +--------+--------+--------+--------+--------+-----+--------+

Top non-repeatable levels by time:
     D:2: 967 daAuts
     D:1: 641 daAuts
     D:3: 112 daAuts
